 Dungeon Crawl Stone Soup version 0.24.0-13-gcf9b3192b9 (webtiles) character file.

Game seed: 9456145129161818201, levelgen mode: deterministic

35 Matador8 the Poker (level 3, -1/32 HPs)
             Began as a Naga Skald on Nov 6, 2019.
             Slain by an adder (3 damage)
             ... on level 2 of the Dungeon.
             The game lasted 00:05:34 (1685 turns).

Matador8 the Poker (Naga Skald)                     Turns: 1685, Time: 00:05:35

Health: -1/32      AC:  2    Str: 13 (15) XL:     3   Next: 33%
Magic:  4/6        EV:  9    Int: 12 (14) God:
Gold:   39         SH:  0    Dex:  8 (10) Spells: 2/6 levels left

rFire    . . .     SeeInvis +   a - +0 spear
rCold    . . .     Gourm    .   (no shield)
rNeg     . . .     Faith    .   b - +0 leather armour
rPois    +         Spirit   .   (no helmet)
rElec    .         Reflect  .   (no cloak)
rCorr    .         Harm     .   (no gloves)
MR       .....                  (no barding)
Stlth    +.........             (no amulet)
HPRegen  0.10/turn              (no ring)
MPRegen  0.10/turn              (no ring)

@: lethally poisoned (-1 -> -7), infused, flying, hasted, quick
A: large, see invisible, deformed body, high mp 1, poison resistance, slowness
2, slow metabolism 1, spit poison 2, strong 1, AC +1
a: Breathe Poison Gas


You were on level 2 of the Dungeon.
You were not hungry.

You visited 1 branch of the dungeon, and saw 2 of its levels.

You collected 39 gold pieces.

Inventory:

Hand Weapons
 a - a +0 spear (weapon)
Armour
 b - a +0 leather armour (worn)
 j - a +1 helmet
Jewellery
 i - an uncursed amulet of guardian spirit {unknown}
Scrolls
 f - a scroll of immolation {unknown}
 g - a scroll of identify {unknown}
 h - a scroll of magic mapping {unknown}
Potions
 c - a potion of degeneration
Comestibles
 d - 2 rations
 l - 4 chunks of flesh


   Skills:
 - Level 2.0 Fighting
 - Level 3.4 Polearms
 - Level 0.7 Armour
 - Level 1.5 Dodging
 - Level 2.0 Spellcasting
 + Level 0.4 Hexes
 + Level 3.1 Charms


You had 2 spell levels left.
You knew the following spells:

 Your Spells              Type           Power        Failure   Level  Hunger
a - Infusion              Chrm           #...         10%         1    ##.....
b - Spectral Weapon       Hex/Chrm       #.......     45%         3    ####...

Your spell library contained the following spells:

 Spells                   Type           Power        Failure   Level  Hunger
 Song of Slaying          Chrm           #.......     14%         2    ###....
 Shroud of Golubria       Chrm/Tloc      #.....       28%         2    ###....
 Regeneration             Chrm/Necr      #.........   50%         3    ####...


Dungeon Overview and Level Annotations

Branches:
Dungeon (2/15)

Altars:


Innate Abilities, Weirdness & Mutations

You cannot wear boots.
Your serpentine skin is tough. (AC +1)
You have supernaturally acute eyesight. (SInv)
Armour fits poorly on your strangely shaped body.
Your system is resistant to poisons. (rPois)
You cover ground very slowly.
You have a slow metabolism.
You can exhale a cloud of poison.
You have an increased reservoir of magic. (+10% MP)
Your muscles are strong. (Str +2)


Message History

You feel sick. The adder bites you but does no damage.
It was a potion of haste.
You feel yourself speed up.
* * * LOW HITPOINT WARNING * * *
You feel sick. The adder bites you but does no damage.
The adder barely misses you.
Okay, then.
Unknown command.
Saving game... please wait.
Welcome back, Matador8 the Naga Skald.
Press ? for a list of commands and other information.
You closely miss the adder.
The adder is lightly wounded.
You closely miss the adder.
The adder is lightly wounded.
* * * LOW HITPOINT WARNING * * *
You feel sick. The adder barely misses you.
You hit the adder.
The adder is heavily wounded.
The adder bites you.
You die...

#.# .... .# #.#
##.# ##.# #>###...
...# #....... #..#
#####... #..# ###.
.######..# ####.
......S..#
#####....
#@##.#####...#....
#.##..............
#.#######.........
#.#######.........
#............#....
##############....
#####


You could see an adder.

Vanquished Creatures
  An ooze (D:1)
  3 leopard geckos (D:1)
  2 giant cockroaches
  4 goblins
  3 hobgoblins (D:1)
  5 kobolds (D:1)
  A ball python (D:1)
  4 bats (D:1)
  A frilled lizard (D:1)
  2 rats (D:1)
26 creatures vanquished.

Notes
Turn   | Place    | Note
-------+----------+-------------------------------------------
     0 | D:1      | Matador8 the Naga Skald began the quest for the Orb.
     0 | D:1      | Reached XP level 1. HP: 19/19 MP: 3/3
   700 | D:1      | Reached XP level 2. HP: 26/26 MP: 5/5
  1104 | D:1      | Reached XP level 3. HP: 21/32 MP: 6/6
  1210 | D:1      | Learned a level 3 spell: Spectral Weapon
  1681 | D:2      | Gained mutation: Your muscles are strong. (Str +2) [potion
                  | of mutation]
  1681 | D:2      | Gained mutation: You have an increased reservoir of magic.
                  | (+10% MP) [potion of mutation]
  1681 | D:2      | Gained mutation: You can exhale a cloud of poison. [potion
                  | of mutation]
  1685 | D:2      | Slain by an adder

Levels and vault maps discovered:
D:1:      elethiomel_arrival_maze, layout_basic, minmay_door_square
D:2:      layout_loops_ring

Skill      XL: |  1  2 |
---------------+-------+-----
Polearms       | 3 |  3.4
Fighting       | |  2.0
Armour         | |  0.7
Dodging        | |  1.5
Spellcasting   | |  2.0
Hexes          | |  0.4
Charms         | |  3.1

Action                   || total
-------------------------++-------
Melee: Spear             ||   112
 Cast: Infusion          ||     6
 Abil: Spit Poison       ||     2
  Use: Potion            ||     4
 Stab: Sleeping          ||     1
  Eat: Chunk             ||     2
Armor: Leather armour    ||    23
Dodge: Dodged            ||    40
